 Dungeon Crawl Stone Soup version 0.21-a0-225-g207ae17 (webtiles) character file.

199 Blomdor the Chopper (level 5, 0/41 HPs)
             Began as a Barachi Skald on Aug 30, 2017.
             Succumbed to a scorpion's poison
             ... in the Ecumenical Temple.
             The game lasted 00:05:02 (3475 turns).

Blomdor the Chopper (Barachi Skald)                 Turns: 3475, Time: 00:05:03

Health: 0/41       AC:  5    Str: 18    XL:     5   Next: 77%
Magic:  8/8        EV: 12    Int: 13    God:
Gold:   101        SH:  0    Dex: 12    Spells: 7/8 levels left

rFire    . . .     SeeInvis .   a - +0 hand axe
rCold    . . .     Gourm    .   (no shield)
rNeg     . . .     Faith    .   b - +0 leather armour
rPois    .         Spirit   .   p - +0 helmet
rElec    .         Reflect  .   h - +0 cloak
rCorr    .         Harm     .   (no gloves)
MR       .....                  (no boots)
Stlth    +.........             (no amulet)
HPRegen  0.13/turn              (no ring)
MPRegen  0.11/turn              (no ring)

@: mighty, lethally poisoned (0 -> -5), slow
A: +LOS, swims, slowness 1, strong legs 1
a: Hop


You were in the Ecumenical Temple.
You were hungry.

You visited 2 branches of the dungeon, and saw 6 of its levels.

You collected 101 gold pieces.

Inventory:

Hand Weapons
 a - a +0 hand axe (weapon)
Missiles
 k - 8 needles of sleeping
Armour
 b - a +0 leather armour (worn)
 h - a +0 cloak (worn)
 p - a +0 helmet (worn)
Scrolls
 e - a scroll of recharging
 j - a scroll of magic mapping
 m - a scroll of enchant armour
 q - 2 scrolls of teleportation
 s - 2 scrolls of enchant weapon
Potions
 l - 3 potions of haste
 u - a potion of cancellation
Books
 c - a book of Battle

   Spells                             Type                      Level
   a - Infusion                       Charms                       1
   b - Shroud of Golubria             Charms/Translocation         2
   c - Song of Slaying                Charms                       2
   d - Spectral Weapon                Hexes/Charms                 3
   e - Regeneration                   Charms/Necromancy            3
Comestibles
 d - 3 bread rations
 r - a royal jelly


   Skills:
 + Level 3.6 Fighting
 * Level 5.2 Axes
 + Level 2.8 Armour
 - Level 2.1 Dodging
 - Level 2.1 Spellcasting
 - Level 3.2 Charms


You had 7 spell levels left.
You knew the following spells:

 Your Spells              Type           Power        Failure   Level  Hunger
a - Infusion              Chrm           #...         8%          1    ##.....


Dungeon Overview and Level Annotations

Branches:
Dungeon (5/15)             Temple (1/1) D:5

Altars:
Xom

Annotations:
D:4 Natasha, Pikel


Innate Abilities, Weirdness & Mutations

Shadows flee at your approach. (+LOS)
You can swim through water.
You cover ground slowly.
You can hop short distances.


Message History

You feel sick.
* * * LOW HITPOINT WARNING * * *
You feel sick.
* * * LOW HITPOINT WARNING * * *
You feel sick.
* * * LOW HITPOINT WARNING * * *
You feel sick.
* * * LOW HITPOINT WARNING * * *
You feel sick.
* * * LOW HITPOINT WARNING * * *
You feel sick.
There is a staircase back to the Dungeon, spattered with blood here.
You see here a scorpion corpse.
* * * LOW HITPOINT WARNING * * *
You feel sick.
* * * LOW HITPOINT WARNING * * *
You feel sick.
* * * LOW HITPOINT WARNING * * *
You feel sick.
You die...

#. #.#
#.###.#
#..#..#
#...##
#.<.#
##...#
#..#..#
###.###.#
#..@# ...
#..###
##..
#...#
#...
#..#.
.#.. ...
# # . .#


There were no monsters in sight!

Vanquished Creatures
  A scorpion (Temple)
  A jelly (D:5)
  2 adders (D:2)
  2 oozes
  A worm (D:3)
  3 dart slugs
  6 leopard geckos
  2 orcs (D:3)
  2 ball pythons
  5 bats
  3 giant cockroaches
  9 hobgoblins
  6 jackals
  2 quokkas
  7 frilled lizards
  6 goblins
  8 kobolds
  10 rats
76 creatures vanquished.

Notes
Turn   | Place    | Note
-------+----------+-------------------------------------------
     0 | D:1      | Blomdor the Barachi Skald began the quest for the Orb.
     0 | D:1      | Reached XP level 1. HP: 17/17 MP: 3/3
   136 | D:1      | Reached XP level 2. HP: 23/23 MP: 5/5
   166 | D:1      | Reached skill level 3 in Axes
   331 | D:1      | HP: 1/23 [jackal (2)]
   884 | D:1      | Reached XP level 3. HP: 26/28 MP: 6/6
   971 | D:1      | Reached skill level 4 in Axes
  1729 | D:2      | Found a shimmering altar of Xom.
  2154 | D:2      | Reached XP level 4. HP: 34/34 MP: 7/7
  3173 | D:3      | Reached XP level 5. HP: 36/41 MP: 8/8
  3298 | D:4      | Noticed Natasha
  3298 | D:4      | Noticed a phantom
  3331 | D:4      | Noticed Pikel
  3332 | D:4      | Noticed a slave
  3340 | D:5      | Entered Level 5 of the Dungeon
  3346 | D:5      | Reached skill level 5 in Axes
  3433 | D:5      | Found a staircase to the Ecumenical Temple.
  3437 | D:5      | Noticed an ogre
  3446 | Temple   | Entered the Ecumenical Temple
  3473 | Temple   | HP: 2/41 [poisoned by a scorpion]
  3475 | Temple   | Succumbed to a scorpion's poison

Vault maps used:
D:1:      sevenhm_arrival_forest_fort_small_6, minmay_pentomino_w2
D:2:      first_bread, xom_teletrap_fun
D:4:      grunt_qazlal_clouds, small_statue_alley_b, uniq_natasha,
          uniq_crazy_yiuf_cottage, uniq_pikel
D:5:      minmay_temple_entry_glass
Temple:   roderic_octagonal_lattice_temple

Skill      XL: |  1  2  3  4  5 |
---------------+----------------+-----
Axes           | 3 4 5 |  5.2
Armour         | 2 |  2.8
Fighting       | 3 |  3.6
Dodging        | |  2.1
Spellcasting   | |  2.1
Charms         | |  3.2

Action                   |  1- 3 |  4- 6 || total
-------------------------+-------+-------++-------
Melee: Hand axe          |   140 |   133 ||   273
  Use: Scroll            |     4 |     5 ||     9
       Potion            |       |     4 ||     4
  Eat: Chunk             |     5 |     4 ||     9
Armor: Leather armour    |    59 |    41 ||   100
Dodge: Dodged            |   126 |   122 ||   248

Table legend:
 A = Spawn XP
 B = Non-spawn XP
 C = Spawn XP percentage of total XP
 D = Spawn monster count
 E = Non-spawn monster count
 F = Spawn count percentage of total count
 G = Total turns spent on level
                    A         B        C        D         E        F      G
               +---------+---------+-------+---------+---------+-------+---------
         Total |      41 |     244 |  14.4 |      17 |      59 |  22.4 |  3475
               +---------+---------+-------+---------+---------+-------+---------
           D:1 |      17 |      40 |  29.8 |      10 |      17 |  37.0 |  1714
           D:2 |      22 |      51 |  30.1 |       6 |      23 |  20.7 |   893
           D:3 |       2 |      41 |   4.7 |       1 |      17 |   5.6 |   720
           D:5 |       0 |      42 |   0.0 |       0 |       1 |   0.0 |   106
        Temple |       0 |      70 |   0.0 |       0 |       1 |   0.0 |    29
               +---------+---------+-------+---------+---------+-------+---------
